 Dungeon Crawl Stone Soup version 0.23.2-11-gf996548c65 (webtiles) character file.

Game seed: 17645407584847614765

274 fortitude the Insei (level 6, 0/38 HPs)
             Began as an Octopode Transmuter on June 4, 2019.
             Slain by an orc wizard
             ... wielding a +2 dagger of draining
              (2 damage)
             ... on level 3 of the Dungeon.
             The game lasted 00:08:27 (3552 turns).

fortitude the Insei (Octopode Transmuter)           Turns: 3552, Time: 00:08:29

Health: 0/38       AC:  2    Str:  9    XL:     6   Next: 24%
Magic:  5/10       EV: 19    Int: 13    God:
Gold:   199        SH:  0    Dex: 19    Spells: 5/11 levels left

rFire    . . .     SeeInvis .     - Unarmed
rCold    . . .     Gourm    .   (shield currently unavailable)
rNeg     . . .     Faith    .   (helmet currently unavailable)
rPois    x         Spirit   .   j - amulet of the acrobat
rElec    .         Reflect  .   b - -3 ring of intelligence (curse)
rCorr    .         Harm     .   (no ring)
MR       .....                  (no ring)
Stlth    +++.......             (no ring)
HPRegen  0.12/turn              (no ring)
MPRegen  0.12/turn              (no ring)
                                (no ring)
                                (no ring)

@: spider-form (expiring), very slightly contaminated, lightly drained
A: tiny, almost no armour, stealthy swim, (amphibious), 8 rings, (constrict 8)
a: End Transformation


You were on level 3 of the Dungeon.
You were not hungry.
You were a venomous arachnid creature.
You visited 1 branch of the dungeon, and saw 4 of its levels.

You collected 199 gold pieces.

Inventory:

Missiles
 a - 49 arrows
Jewellery
 b - a cursed -3 ring of intelligence (left front leg)
 j - an amulet of the acrobat (around neck)
 k - an uncursed amulet of regeneration {unknown}
Wands
 n - a wand of polymorph (9)
Scrolls
 d - 2 scrolls of enchant weapon {unknown}
 f - a scroll of noise {unknown}
 g - a scroll of fog {unknown}
 l - 2 scrolls of magic mapping {unknown}
 m - a scroll of identify {unknown}
Potions
 e - 2 potions of curing {unknown}
 i - a potion of haste {unknown}
Comestibles
 c - 3 rations
 h - 6 chunks of flesh


   Skills:
 + Level 1.3(0.7) Fighting
 - Level 2.2(1.6) Dodging
 + Level 3.5(2.9) Stealth
 + Level 4.3(3.7) Unarmed Combat
 + Level 3.2(2.6) Spellcasting
 + Level 3.1(2.5) Transmutations
 * Level 1.9(1.3) Poison Magic


You had 5 spell levels left.
You knew the following spells:

 Your Spells              Type           Power        Failure   Level  Hunger
a - Beastly Appendage     Tmut           #.....       22%         1    #......
b - Sticks to Snakes      Tmut           #.......     28%         2    ###....
c - Spider Form           Tmut/Pois      #.........   54%         3    ###....

Your spell library contained the following spells:

 Spells                   Type           Power        Failure   Level  Hunger
 Ice Form                 Ice/Tmut       #.......     92%         4    #####..
 Blade Hands              Tmut           #.........   98%         5    ######.


Dungeon Overview and Level Annotations

Branches:
Dungeon (4/15)
 Temple: D:4-7

Altars:
Dithmenos
Fedhas
Gozag
Qazlal
Wu Jian

Annotations:
D:3 exclusion: upstairs
D:4 Menkaure


Innate Abilities, Weirdness & Mutations

You cannot wear most types of armour.
You are very stealthy in the water. (Stealth+)
((You are amphibious.))
You can wear up to eight rings at the same time.
((You can use your tentacles to constrict eight enemies at once.))
((Your skin changes colour to match your surroundings (Stealth+).))
((Your rubbery body absorbs attacks. (AC +1, EV +1)))


Message History

The tomahawk closely misses you. Something hits you.
You feel drained.
You barely miss something.
The orc throws a tomahawk.
The tomahawk hits you.
You hear some strange, mumbled words.
A magic dart appears from out of thin air!
The magic dart hits you!
You hit something but do no damage.
Your transformation is almost over.
The orc throws a tomahawk.
The tomahawk completely misses you. Something barely misses you.
You barely miss something. Something barely misses you.
The orc wizard mumbles some strange words.
The orc wizard seems to speed up.
You bite something!
The orc wizard points at you and mumbles some strange words.
The magic dart hits you!
* * * LOW HITPOINT WARNING * * *
Something hits you.
* * * LOW HITPOINT WARNING * * *
You feel drained.
You die...

#.# ####.#
..##.##############
..##.÷............#
....>############.##
..#.## #..# ).#.#
##.######## ###.#
#####o.......# #.#
#o{s..(#####.# #.#
#.####.....# # #.# #
..###.# ###.# #.#
§§§.# ... .≈≈§# ._.
§§.≈# ...# #≈≈.#
#.^.########


You could see an orc wizard and an orc.

Vanquished Creatures
  An ogre (D:4)
  4 worker ants (D:4)
  An adder (D:4)
  A gnoll (D:3)
  An ooze (D:1)
  2 worms (D:3)
  5 dart slugs
  2 leopard geckos (D:1)
  4 orcs
  A ball python (D:1)
  6 giant cockroaches
  4 goblins
  10 hobgoblins
  3 jackals (D:3)
  10 kobolds
  2 bats
  A frilled lizard (D:2)
  8 rats
66 creatures vanquished.

Notes
Turn   | Place    | Note
-------+----------+-------------------------------------------
     0 | D:1      | fortitude the Octopode Transmuter began the quest for the
                  | Orb.
     0 | D:1      | Reached XP level 1. HP: 13/13 MP: 3/3
   316 | D:1      | Reached XP level 2. HP: 18/18 MP: 3/5
   323 | D:1      | Learned a level 2 spell: Sticks to Snakes
   786 | D:1      | Reached XP level 3. HP: 13/23 MP: 4/6
  1305 | D:1      | Learned a level 3 spell: Spider Form
  1648 | D:2      | You fall through a shaft for 2 floors!
  1686 | D:4      | Reached skill level 1 in Stealth
  1686 | D:4      | Reached XP level 4. HP: 28/28 MP: 5/7
  1887 | D:4      | Found an opulent altar of Gozag.
  1897 | D:4      | Noticed an ogre
  1903 | D:4      | Reached skill level 1 in Poison Magic
  1903 | D:4      | Reached XP level 5. HP: 21/33 MP: 2/9
  1939 | D:4      | Killed an ogre
  1939 | D:4      | Reached skill level 4 in Unarmed Combat
  2172 | D:4      | Noticed Menkaure
  2188 | D:4      | Reached XP level 6. HP: 19/38 MP: 7/10
  2430 | D:2      | Found a shadowy altar of Dithmenos.
  2512 | D:3      | Found a blossoming altar of Fedhas.
  2526 | D:3      | Found a stormy altar of Qazlal.
  3536 | D:3      | Found an ornate altar of the Wu Jian Council.
  3552 | D:3      | Slain by an orc wizard

Skill      XL: |  1  2  3  4  5  6 |
---------------+-------------------+-----
Stealth        | 1 2 3 |  3.5
Poison Magic   | 1 |  1.9
Unarmed Combat | 4 |  4.3
Spellcasting   | 3 |  3.2
Transmutations | 3 |  3.1
Fighting       | |  1.3
Dodging        | |  2.2

Action                   |  1- 3 |  4- 6 || total
-------------------------+-------+-------++-------
Melee: Unarmed           |    77 |    94 ||   171
       Constrict         |    22 |    22 ||    44
       Tentacles         |     9 |    15 ||    24
       Kick              |    11 |    17 ||    28
       Punch             |       |     1 ||     1
 Cast: Beastly Appendage |    11 |    13 ||    24
       Sticks to Snakes  |       |     5 ||     5
       Spider Form       |       |     2 ||     2
 Stab: Sleeping          |     4 |     6 ||    10
  Eat: Chunk             |     3 |     6 ||     9
Armor: Skin              |     2 |     1 ||     3
Dodge: Dodged            |    51 |    51 ||   102
